 Dungeon Crawl Stone Soup version 0.31-a0-1005-gfbdfbacc72 (webtiles) character file.

Game seed: 11884605758577016266

751 Arzdou the Magician (level 7, -5/46 HPs)
             Began as a Demonspawn Hedge Wizard on Nov 10, 2023.
             Was an Initiate of Cheibriados.
             Slain by an ice beast (13 damage)
             ... on level 4 of the Dungeon.
             The game lasted 00:19:29 (6366 turns).

Arzdou the Magician (Demonspawn Hedge Wizard)       Turns: 6366, Time: 00:19:30

Health: -5/46      AC:  4    Str: 12    XL:     7   Next: 49%
Magic:  12/14      EV: 12    Int: 28    God:    Cheibriados [......]
Gold:   230        SH:  0    Dex: 13    Spells: 8/16 levels left

rFire   . . .        a - +1 dagger (elec)
rCold   . . .        (no shield)
rNeg    . . .        f - +0 robe
rPois   .            c - +0 hat
rElec   .            e - +0 cloak
rCorr   .            p - +0 pair of gloves
SInv    .            (no boots)
Will    .....        r - amulet of faith
Stlth   ++           i - +6 ring of intelligence
HPRegen 0.27/turn    (no ring)
MPRegen 0.14/turn

%: faith
@: very slow
A: antennae 2, powered by pain 1, big brain 2
a: Renounce Religion


You were on level 4 of the Dungeon.
You worshipped Cheibriados.
Cheibriados was noncommittal.
You visited 2 branches of the dungeon, and saw 6 of its levels.

You collected 230 gold pieces.

Inventory:

Hand Weapons
 a - a +1 dagger of electrocution (weapon)
 b - a +0 sling of draining
Armour
 c - a +0 hat (worn)
 e - a +0 cloak (worn)
 f - a +0 robe (worn)
 p - a +0 pair of gloves (worn)
Jewellery
 i - a +6 ring of intelligence (left hand)
 r - an amulet of faith (around neck)
Wands
 s - a wand of flame (15)
Scrolls
 h - a scroll of revelation
 j - 2 scrolls of vulnerability
 k - 3 scrolls of silence
 l - a scroll of fog
 o - a scroll of teleportation
Potions
 d - 3 potions of magic
 g - a potion of heal wounds {unknown}
 m - a potion of brilliance
 n - a potion of cancellation {unknown}
 q - a potion of curing


   Skills:
 - Level 1.7 Dodging
 - Level 1.7 Stealth
 - Level 5.1 Spellcasting
 + Level 4.2 Conjurations
 - Level 2.0 Summonings
 - Level 2.0 Translocations
 - Level 2.7 Air Magic
 - Level 3.0 Poison Magic


You had 8 spell levels left.
You knew the following spells:

 Your Spells              Type           Power      Damage    Failure   Level
a - Magic Dart            Conj           100%       1d8       1%          1
b - Call Imp              Summ           36%        N/A       4%          2
c - Blink                 Tloc           36%        N/A       4%          2
d - Mephitic Cloud        Conj/Pois/Air  25%        N/A       4%          3

Your spell library contained the following spells:

 Spells                   Type           Power      Damage    Failure   Level
 Cigotuvi's Dreadful Rot  Necr/Pois/Air  34%        N/A       4%          2
 Slow                     Hex            28%        N/A       7%          1
 Ensorcelled Hibernation  Hex/Ice        14%        N/A       10%         2
 Jinxbite                 Hex            14%        N/A       10%         2
 Volatile Blastmotes      Fire/Tloc      24%        2d12      13%         3
 Iskenderun's Mystic Bla  Conj/Tloc      24%        2d7       19%         4
 Fulminant Prism          Conj/Hex       9%         3d7       26%         4
 Anguish                  Hex/Necr       3%         N/A       54%         4


Dungeon Overview and Level Annotations

Branches:
Dungeon (5/15)             Temple (1/1) D:5

Altars:
Ashenzari
Cheibriados
Dithmenos
Fedhas
Gozag
Makhleb
Okawaru
Qazlal
Ru
Trog
Uskayaw
Vehumet
Wu Jian
Xom
Yredelemnul
Lugonu

Shops:
D:1 [

Portals:
Abyss: D:4

Annotations:
D:4 exclusion: oklob plant


Innate Abilities, Weirdness & Mutations

You have a pair of antennae on your head.
You sometimes gain a little power by taking damage.
You have an extremely huge brain. (Int +4)


Message History

A tiny devil pulls itself out of the air.
Your cerulean imp says, "You called?"
The ice beast hits your cerulean imp but does no damage.
The ice beast barely misses your cerulean imp.
Your cerulean imp hits the ice beast but does no damage.
The ice beast hits your cerulean imp but does no damage.
Your cerulean imp hits the ice beast with a -3 spear.
The ice beast barely misses your cerulean imp.
Your cerulean imp hits the ice beast but does no damage.
The ice beast misses your cerulean imp.
Your cerulean imp closely misses the ice beast.
Your cerulean imp barely misses the ice beast.
The ice beast barely misses your cerulean imp.
Your cerulean imp hits the ice beast with a -3 spear.
The ice beast completely misses your cerulean imp.
Your cerulean imp hits the ice beast but does no damage.
The ice beast hits your cerulean imp.
The ice beast freezes your cerulean imp!
Your cerulean imp dies!
Your cerulean imp disappears in a puff of smoke!
A centaur comes into view.
The centaur shouts!
The centaur wields a +0 orcbow.
The centaur shoots an arrow.
The arrow hits you!
The centaur shoots an arrow.
The arrow closely misses you.
There is an escape hatch in the ceiling here.
The centaur shoots an arrow.
The arrow hits you.
* * * LOW HITPOINT WARNING * * *
The ice beast barely misses you.
The centaur shoots an arrow.
The arrow barely misses you. A mysterious force pulls you upwards.
The hatch slams shut behind you.
Level annotation: exclusion: oklob plant
Casting: Call Imp (safe; 4% risk of failure)
Confirm with . or Enter, or press ? or * to list all spells.
A tiny devil pulls itself out of the air.
The ice beast misses you.
Your cerulean imp barely misses the ice beast.
The ice beast hits you.
* * * LOW HITPOINT WARNING * * *
The ice beast freezes you!
You die...

###### .....##
......## .......#
###### .......#
#<.Y.# .......#
#.@..# .......#
#.5..#
.......########....#
......†#...........##
.........######.....#
.....##### #.....#
###### #.....## .#
#......#### .#
#....#....#


You could see an ice beast (ally target) and a friendly cerulean imp (summoned).

Vanquished Creatures
  A water moccasin (D:3)
  An ogre (D:5)
  2 phantoms
  A scorpion (D:4)
  A sleepcap (D:3)
  3 iguanas
  An orc wizard (D:4)
  2 gnolls (D:3)
  7 adders
  A shadow imp (D:5)
  4 worms
  2 dart slugs
  7 orcs
  8 endoplasms
  2 giant cockroaches (D:4)
  5 goblins
  11 hobgoblins
  2 jackals (D:5)
  9 kobolds
  2 quokkas
  3 ball pythons
  5 bats
  A frilled lizard (D:3)
  2 rats (D:1)
83 creatures vanquished.

Vanquished Creatures (collateral kills)
  An orc priest (Temple)
  A gnoll (D:3)
  An adder (D:2)
  4 orcs
  2 goblins
  A jackal (D:5)
10 creatures vanquished.

Vanquished Creatures (others)
  A lurking horror (D:4)
1 creature vanquished.

Grand Total: 94 creatures vanquished

Notes
Turn   | Place    | Note
-------+----------+-------------------------------------------
     0 | D:1      | Arzdou the Demonspawn Hedge Wizard began the quest for the
                  | Orb.
     0 | D:1      | Reached XP level 1. HP: 13/13 MP: 4/4
   312 | D:1      | Gained mutation: You have an unusually large brain. (Int
                  | +2) [demonic ancestry]
   312 | D:1      | Reached XP level 2. HP: 15/19 MP: 1/6
   595 | D:1      | Learned a level 2 spell: Call Imp
   598 | D:1      | Learned a level 2 spell: Blink
   910 | D:1      | Found Kiargh's Antique Armour Emporium.
  1548 | D:2      | Gained mutation: You have a pair of small antennae on your
                  | head. [demonic ancestry]
  1548 | D:2      | Reached XP level 3. HP: 24/24 MP: 0/8
  1655 | D:2      | Reached skill level 1 in Translocations
  2158 | D:2      | Gained mutation: You have an extremely huge brain. (Int +4)
                  | [demonic ancestry]
  2158 | D:2      | Reached XP level 4. HP: 24/30 MP: 4/9
  2758 | D:2      | Learned a level 3 spell: Mephitic Cloud
  2922 | D:3      | Reached skill level 4 in Spellcasting
  3158 | D:3      | Gained mutation: You have a pair of antennae on your head.
                  | [demonic ancestry]
  3158 | D:3      | Reached XP level 5. HP: 35/35 MP: 2/11
  3818 | D:3      | Reached skill level 1 in Poison Magic
  3854 | D:3      | Noticed a water moccasin
  3864 | D:3      | Killed a water moccasin
  3865 | D:3      | Reached skill level 1 in Air Magic
  3942 | D:3      | Reached XP level 6. HP: 41/41 MP: 8/12
  4570 | D:4      | Reached skill level 5 in Spellcasting
  4718 | D:4      | Found a corrupted altar of Lugonu.
  4718 | D:4      | Found a one-way gate to the infinite horrors of the Abyss.
  4982 | D:4      | Found a blossoming altar of Fedhas.
  4997 | D:4      | Noticed an oklob plant
  5243 | D:5      | Entered Level 5 of the Dungeon
  5367 | D:5      | Found a staircase to the Ecumenical Temple.
  5371 | Temple   | Entered the Ecumenical Temple
  5381 | Temple   | Gained mutation: You sometimes gain a little power by
                  | taking damage. [demonic ancestry]
  5381 | Temple   | Reached XP level 7. HP: 23/46 MP: 6/14
  5509 | Temple   | Became a worshipper of Cheibriados the Contemplative
  5680 | D:5      | Found a shadowy altar of Dithmenos.
  5937 | D:5      | Identified the +3 dagger "Killer Klown's Foe" {holy, rC-
                  | Dex+3}
  6366 | D:4      | Slain by an ice beast

Illustrated notes

Levels and vault maps discovered:
D:1:      dpeg_arrival_lava_temple_mockup, layout_basic, serial_shops,
          nicolae_shop_waterfront
D:2:      layout_loops_ring
D:3:      layout_rooms, nicolae_elevator_lobby_plus
D:4:      layout_rooms, tgw_fedhas, amcnicky_altar_lugonu_corruption
D:5:      layout_basic, mainiacjoe_overflow_brackets,
          minmay_temple_entry_proselytizer
Temple:   nicolae_temple_no_exploring_needed

Skill      XL: |  1  2  3  4  5  6  7 |
---------------+----------------------+-----
Conjurations   | 2 4 |  4.2
Translocations | 1 2 |  2.0
Spellcasting   | 4 5 |  5.1
Summonings     | 2 |  2.0
Poison Magic   | 1 3 |  3.0
Air Magic      | 1 2 |  2.7
Dodging        | |  1.7
Stealth        | |  1.7

Action                     |  1- 3 |  4- 6 |  7- 9 || total
---------------------------+-------+-------+-------++-------
  Melee: Dagger            |    66 |   105 |    25 ||   196
         Punch             |     2 |     1 |       ||     3
   Fire: Sling             |       |    10 |       ||    10
   Cast: Magic Dart        |    77 |    86 |    21 ||   184
         Call Imp          |     3 |    22 |     9 ||    34
         Blink             |     1 |     3 |       ||     4
         Mephitic Cloud    |       |     5 |     2 ||     7
    Use: Scroll            |     4 |     4 |     2 ||    10
         Potion            |       |     3 |       ||     3
   Stab: Distracted        |       |     1 |     2 ||     3
         Confused          |       |     1 |     2 ||     3
         Sleeping          |       |     1 |       ||     1
 Armour: Robe              |    47 |    71 |    23 ||   141
         Skin              |       |    69 |       ||    69
  Dodge: Dodged            |    54 |    90 |    18 ||   162

Table legend: (Time is in decaauts)
 A = Elapsed time spent in this place.
 B = Non-inter-level travel time spent in this place.
 C = Inter-level travel time spent in this place.
 D = Time resting spent in this place.
 E = Time spent auto-exploring this place.
 F = Levels seen in this place.
 G = Mean time per level.
                   A        B        C        D        E       F      G
               +--------+--------+--------+--------+--------+-----+--------+
         Total |   6517 |   6167 |    350 |    785 |   4266 |   6 | 1086.2 |
       Dungeon |   6367 |   6039 |    328 |    700 |   4266 |   5 | 1273.4 |
        Temple |    150 |    128 |     22 |     85 |      0 |   1 |  150.0 |
               +--------+--------+--------+--------+--------+-----+--------+

Top non-repeatable levels by time:
     D:2: 1614 daAuts
     D:1: 1435 daAuts
     D:3: 1216 daAuts
     D:4: 1067 daAuts
     D:5: 1032 daAuts
  Temple: 150 daAuts
